 Dungeon Crawl Stone Soup version 0.29-a0-322-g68df515428 (webtiles) character file.

Game seed: 15266703494774680965

29 GigaChad the Grasshopper (level 3, -1/32 HPs)
             Began as a Naga Warper on Apr 5, 2022.
             Slain by a bullfrog (2 damage)
             ... on level 3 of the Dungeon.
             The game lasted 00:04:24 (1447 turns).

GigaChad the Grasshopper (Naga Warper)              Turns: 1447, Time: 00:04:25

Health: -1/32      AC:  2    Str: 13    XL:     3   Next: 16%
Magic:  6/6        EV:  9    Int: 13    God:
Gold:   83         SH:  0    Dex: 12    Spells: 6/6 levels left

rFire   . . .      SeeInvis +   a - +2 falchion
rCold   . . .      Faith    .   (no shield)
rNeg    . . .      Spirit   .   b - +0 leather armour
rPois   +          Reflect  .   (no helmet)
rElec   .          Harm     .   (no cloak)
rCorr   .          Rampage  .   (no gloves)
Will    .....                   (no barding)
Stlth   +.........              (no amulet)
HPRegen 0.10/turn               (no ring)
MPRegen 0.10/turn               (no ring)

@: very slow
A: AC +1, large, see invisible, deformed body, poison resistance, slowness 2,
spit poison 1, naga tail 1
a: Spit Poison


You were on level 3 of the Dungeon.
You visited 1 branch of the dungeon, and saw 3 of its levels.

You collected 83 gold pieces.

Inventory:

Hand Weapons
 a - a +2 falchion (weapon)
 g - a +0 vorpal mace
Missiles
 d - 7 boomerangs of dispersal (quivered)
Armour
 b - a +0 leather armour (worn)
Scrolls
 c - a scroll of blinking
 f - a scroll of brand weapon {unknown}
 h - a scroll of noise {unknown}
Potions
 e - 2 potions of curing {unknown}


   Skills:
 + Level 2.2 Fighting
 + Level 2.4 Long Blades
 + Level 0.8 Throwing
 + Level 1.2 Armour
 + Level 1.6 Dodging
 + Level 2.1 Spellcasting
 + Level 3.3 Translocations


You had 6 spell levels left.
You didn't know any spells.
Your spell library contained the following spells:

 Spells                   Type           Power      Damage    Failure   Level
 Blink                    Tloc           20%        N/A       12%         2
 Gell's Gravitas          Tloc           10%        N/A       24%         3
 Lesser Beckoning         Tloc           10%        N/A       24%         3
 Teleport Other           Tloc           10%        N/A       24%         3
 Manifold Assault         Tloc           10%        N/A       92%         5


Dungeon Overview and Level Annotations

Branches:
Dungeon (3/15)

Altars:


Innate Abilities, Weirdness & Mutations

Your serpentine skin is tough. (AC +1)
You have supernaturally acute eyesight. (SInv)
Armour fits poorly on your strangely shaped body.
Your system is resistant to poisons. (rPois)
You cover ground very slowly.
You can spit poison.
You have a snake-like lower body.


Message History

The bat hits you but does no damage.
Things that are here:
a +0 whip; 3 stones; a kobold corpse The bat closely misses you.
The bat closely misses you. The bat hits you but does no damage.
The bat hits you but does no damage. The bat hits you but does no damage.
The bat hits you.
* * * LOW HITPOINT WARNING * * *
You hit the bat.
You kill the bat!
You see here a bat corpse.
Found a stone staircase leading up.
Found a runed mace.
Found a scroll labelled MORIUW GEDI.
You see here a +0 vorpal mace.
You see here a +0 vorpal mace.
g - a +0 vorpal mace
Found a stone staircase leading down.
h - a scroll labelled MORIUW GEDI
There is a stone staircase leading down here.
There is a stone staircase leading down here.
You climb downwards.
Found a whip and 2 scrolls labelled YJI ACVEDE.
There is a stone staircase leading up here.
The kobold shouts!
The kobold barely misses you.
You hit the kobold.
You kill the kobold!
The bullfrog hits you.
A worm comes into view.
The bullfrog hits you. x2
You see here a +0 dagger.
The bullfrog hits you!
* * * LOW HITPOINT WARNING * * *
The bullfrog hits you.
* * * LOW HITPOINT WARNING * * *
The bullfrog hits you.
* * * LOW HITPOINT WARNING * * *
The bullfrog hits you.
You die...

..# ####
...####......
........?...
#...........
#......?....
#...........
#.<.........
#..F....)...
#..@......#
#.........#
#.........#
......######
........#
##.....w.
#........
.........+


You could see a bullfrog and a worm.

Vanquished Creatures
  An adder (D:2)
  2 endoplasms
  3 goblins
  3 hobgoblins (D:1)
  4 ball pythons
  2 bats (D:2)
  3 frilled lizards
  3 kobolds
  A rat (D:2)
22 creatures vanquished.

Vanquished Creatures (others)
  5 plants (D:1)
5 creatures vanquished.

Grand Total: 27 creatures vanquished

Notes
Turn   | Place    | Note
-------+----------+-------------------------------------------
     0 | D:1      | GigaChad the Naga Warper began the quest for the Orb.
     0 | D:1      | Reached XP level 1. HP: 19/19 MP: 3/3
   218 | D:1      | Reached XP level 2. HP: 3/26 MP: 5/5
  1272 | D:2      | Reached skill level 1 in Armour
  1272 | D:2      | Reached XP level 3. HP: 13/32 MP: 6/6
  1441 | D:3      | Noticed a bullfrog
  1446 | D:3      | HP: 1/32 [bullfrog (3)]
  1447 | D:3      | Slain by a bullfrog

Illustrated notes

Levels and vault maps discovered:
D:1:      eino_arrival_cavern_a, layout_basic, serial_bayou,
          serial_bayou_pond_e, serial_bayou_shore_b, serial_bayou_pond_d,
          serial_bayou_lagoon_a
D:2:      minmay_wonky_spiral, layout_loops_cross
D:3:      layout_basic, riverfiend_overflow_shadow_ancestor, uniq_natasha,
          uniq_jessica

Skill      XL: |  1  2 |
---------------+-------+-----
Armour         | 1 |  1.2
Fighting       | |  2.2
Long Blades    | |  2.4
Throwing       | |  0.8
Dodging        | |  1.6
Spellcasting   | |  2.1
Translocations | |  3.3

Action                   || total
-------------------------++-------
Melee: Falchion          ||    76
       Punch             ||     1
  Use: Scroll            ||     5
Armor: Leather armour    ||    27
Dodge: Dodged            ||    45

Table legend: (Time is in decaauts)
 A = Elapsed time spent in this place.
 B = Non-inter-level travel time spent in this place.
 C = Inter-level travel time spent in this place.
 D = Time resting spent in this place.
 E = Time spent auto-exploring this place.
 F = Levels seen in this place.
 G = Mean time per level.
                   A        B        C        D        E       F      G
               +--------+--------+--------+--------+--------+-----+--------+
         Total |   1888 |   1888 |      0 |      0 |   1019 |   3 |  629.3 |
       Dungeon |   1888 |   1888 |      0 |      0 |   1019 |   3 |  629.3 |
               +--------+--------+--------+--------+--------+-----+--------+

Top non-repeatable levels by time:
     D:1: 1515 daAuts
     D:2: 366 daAuts
     D:3: 7 daAuts
